 Dungeon Crawl Stone Soup version 0.30-a0-916-g9813417 (webtiles) character file.

Game seed: 8876148196359373622

13 Dorkslayer the Shooter (level 2, -3/18 HPs)
             Began as a Gargoyle Hunter on Apr 13, 2023.
             Slain by a gnoll
             ... wielding a +0 halberd
              (6 damage)
             ... on level 2 of the Dungeon.
             The game lasted 00:02:36 (535 turns).

Dorkslayer the Shooter (Gargoyle Hunter)             Turns: 535, Time: 00:02:37

Health: -3/18      AC:  5    Str: 14    XL:     2   Next: 37%
Magic:  2/2        EV: 11    Int:  9    God:
Gold:   2          SH:  0    Dex: 13    Spells: 1/1 levels left

rFire   . . .      SeeInvis .    a - +0 shortbow
rCold   . . .      Faith    .    (shield currently unavailable)
rNeg    + . .      Spirit   .    c - +0 leather armour
rPois   ∞          Reflect  .    (no helmet)
rElec   +          Rampage  .    (no cloak)
rCorr   .                        (no gloves)
Will    .....                    (no boots)
Stlth   ++                       (no amulet)
HPRegen 0.23/turn                (no ring)
MPRegen 0.08/turn                (no ring)

@: no status effects
A: sickness immunity, AC +2, negative energy resistance 1, electricity
resistance, torment resistance 1, petrification resistance
a: no special abilities


You were on level 2 of the Dungeon.
You visited 1 branch of the dungeon, and saw 2 of its levels.

You collected 2 gold pieces.

Inventory:

Hand Weapons
 a - a +0 shortbow (weapon)
 e - a +0 great sword
Armour
 c - a +0 leather armour (worn)
 g - a +0 chain mail
Scrolls
 b - a scroll of immolation
 d - a scroll of poison {unknown}
 f - a scroll of identify {unknown}
 h - a scroll of teleportation {unknown}
 i - a scroll of magic mapping {unknown}
 j - a scroll of fog {unknown}


   Skills:
 + Level 2.4 Fighting
 + Level 4.1 Ranged Weapons
 + Level 1.8 Dodging
 + Level 1.7 Stealth


You had one spell level left.
You didn't know any spells.
Your spell library contained the following spells:

 Spells                   Type           Power      Damage    Failure   Level
 Apportation              Tloc           0%         N/A       45%         1
 Necrotise                Necr           0%         1d4       45%         1
 Summon Small Mammal      Summ           0%         N/A       45%         1


Dungeon Overview and Level Annotations

Branches:
Dungeon (2/15)

Altars:


Innate Abilities, Weirdness & Mutations

You are immune to sickness and miasma.
Your stone body is resilient. (AC +2)
You are immune to poison.
You resist negative energy. (rN+)
You are resistant to electric shocks. (rElec)
You are resistant to unholy torment.
You are immune to petrification.


Message History

Found 2 atropa-tipped darts.
Found a scroll labelled SAONKE MENTUOS.
i - a scroll labelled SAONKE MENTUOS You see here 2 atropa-tipped darts.
As you open the door, it creaks loudly!
There is an open door here.
There is an open door here.
You open the door.
There is an open door here.
You open the door.
There is an open door here.
Done exploring.
There is an open door here.
There is an open door here.
There is a stone staircase leading down here.
You climb downwards.
There is a stone staircase leading up here.
Found a stone staircase leading down.
j - a scroll labelled OLLONI SEHUATRO You now have 2 gold pieces.
A gnoll comes into view. It is wielding a +0 halberd.
The gnoll shouts!
A gnoll comes into view. It is wielding a +0 spear. x2
The gnoll shouts!
The gnoll hits you from afar with a +0 spear.
The gnoll barely misses you.
A worm comes into view.
The gnoll hits you from afar with a +0 halberd!
Ouch! That really hurt!
You see here a scroll labelled DIXTO FEIJ RASM.
The gnoll hits you from afar with a +0 halberd.
* * * LOW HITPOINT WARNING * * *
You aren't carrying any potions.
Fire: a) +0 shortbow
Press: ? - help, Q - select action Shift-Dir - straight line, f - gnoll
Aim: a gnoll, wielding a +0 halberd (64% to hit)
You shoot an arrow. The arrow hits the gnoll.
The gnoll is heavily wounded.
The gnoll hits you from afar with a +0 halberd.
You die...

##### #...# #...#
#...# #...# #...#
### #...######....
... ###...>........
.... #......#......
.....
#.##.#@#.##..##....
#.##...#.##.....####
#.##..g#.##........#
#<##.#gg.........#
####.#.....?...#....
#............# #
#.........w..#
#....####....#
#....# #....#


You could see 3 gnolls.

Vanquished Creatures
  A dart slug (D:1)
  2 ball pythons (D:1)
  An endoplasm (D:1)
  A giant cockroach (D:1)
  2 goblins (D:1)
  A hobgoblin (D:1)
  A kobold (D:1)
9 creatures vanquished.

Notes
Turn   | Place    | Note
-------+----------+-------------------------------------------
     0 | D:1      | Dorkslayer the Gargoyle Hunter began the quest for the Orb.
     0 | D:1      | Reached XP level 1. HP: 12/12 MP: 1/1
   122 | D:1      | Reached XP level 2. HP: 12/18 MP: 2/2
   327 | D:1      | Found a faded altar of an unknown god.
   535 | D:2      | Slain by a gnoll

Illustrated notes

Levels and vault maps discovered:
D:1:      ncdulo_smallfort, layout_rooms, ebering_ecumenical_altar_rust,
          kennysheep_flooded_box, st_stairs_6, reono_crystal_passage,
          minmay_misc_feat_encased
D:2:      layout_basic, minmay_quantized

Action                     || total
---------------------------++-------
   Fire: Shortbow          ||    21
 Armour: Leather armour    ||     4
  Dodge: Dodged            ||     5

Table legend: (Time is in decaauts)
 A = Elapsed time spent in this place.
 B = Non-inter-level travel time spent in this place.
 C = Inter-level travel time spent in this place.
 D = Time resting spent in this place.
 E = Time spent auto-exploring this place.
 F = Levels seen in this place.
 G = Mean time per level.
                   A        B        C        D        E       F      G
               +--------+--------+--------+--------+--------+-----+--------+
         Total |    541 |    541 |      0 |      0 |    322 |   2 |  270.5 |
       Dungeon |    541 |    541 |      0 |      0 |    322 |   2 |  270.5 |
               +--------+--------+--------+--------+--------+-----+--------+

Top non-repeatable levels by time:
     D:1: 509 daAuts
     D:2: 31 daAuts
